[Event "Amateur Tournament (ATO)"]
[Site "Biel, Switzerland"]
[Date "2026.07.20"]
[Round "6.2"]
[White "Coletta, Julien"]
[Black "Alexakis, Dimitrios"]
[Result "0-1"]
[TimeControl "90+30+30sec/move"]
[WhiteTitle "-"]
[BlackTitle "-"]
[WhiteFideId "1342223"]
[BlackFideId "4200527"]
[WhiteElo "1889"]
[BlackElo "1959"]

1. e4 c5 2. Nf3 d6 3. Bb5+ Nc6 4. O-O Bd7 5. Re1 a6 6. Bxc6 Bxc6 7. d4 cxd4 8. Nxd4 Rc8 9. c4 Nf6 10.
Nxc6 Rxc6 11. b3 g6 12. Bb2 Bg7 13. Nc3 O-O 14. Qd2 Nd7 15. Rad1 Rc8 16. Nd5 Bxb2 17. Qxb2 Nb6 18. e5 Nxd5 19.
Rxd5 Rc5 20. exd6 Rxd5 21. dxe7 Qxe7 22. Qc3 Rd3 0-1

[Event "Amateur Tournament (ATO)"]
[Site "Biel, Switzerland"]
[Date "2026.07.20"]
[Round "6.3"]
[White "Maitre, Fabien"]
[Black "Jud, Marc"]
[Result "1/2-1/2"]
[TimeControl "90+30+30sec/move"]
[WhiteTitle "-"]
[BlackTitle "-"]
[WhiteFideId "1315471"]
[BlackFideId "1309099"]
[WhiteElo "1834"]
[BlackElo "1991"]

1. d4 d5 2. Nf3 Nf6 3. g3 e6 4. Bg2 c5 5.
O-O Be7 6. c4 O-O 7. cxd5 Nxd5 8. Nc3 Nc6 9. Nxd5 Qxd5 10. Be3 cxd4 11. Nxd4 Qd7 12. Nxc6 bxc6 13. Qxd7 Bxd7 14. Rfd1 Be8 15. Rac1 Rc8 16. Bc5 Bxc5 17. Rxc5 Rc7 18. b4 Rb7 19. a3 Rb6 20.
Rdc1 g6 21. Bxc6 Bxc6 22. Rxc6 Rb7 23. Rc7 Rfb8 24. R1c5 Kf8 25. Rxb7 Rxb7 26. f4 Ke7 27.
Kf2 Rd7 28. Ke3 f5 29. a4 h6 30. Rc6 g5 31. fxg5 hxg5 32. h4 gxh4 33. gxh4 Kf6 34. b5 Rh7 35. Rc4 Ke5 36. Rc5+ Kd6 37. Rc6+ Kd5 38. Ra6 e5 39. a5 f4+ 40.
Kf2 e4 41. b6 axb6 42. axb6 Kc6 43. Ra4 Kxb6 44. Rxe4 Rxh4 45. Kf3 Kc5 46. Rxf4 Rh2 47. Rf5+ Kd6 48. e3 Ke6 49. Ra5 Rh3+ 50.
Ke4 Rh4+ 51. Kd3 Rh1 52. Rb5 Rg1 53. Kd4 Re1 54. Rb6+ Kf5 55. Rb5+ Kf6 56. Ke4 Rh1 57. Rb6+ Ke7 58.
Kd5 Rh5+ 59. Kd4 Rh1 60. e4 Rh5 61. Ra6 Rg5 62. Ke3 Rh5 63. Kf4 Rh4+ 64. Kf5 Rh5+ 65. Kg4 Rh1 66. Kf4 Rh4+ 67.
Ke3 Rh1 68. Kd4 Rh5 69. e5 Rh1 70. Rg6 Rd1+ 71. Ke4 Re1+ 72. Kf4 Rf1+ 73. Ke3 Re1+ 74. Kd4 Rd1+ 75. Kc5 Rc1+ 76. Kb6 Rb1+ 1/2-1/2

[Event "Amateur Tournament (ATO)"]
[Site "Biel, Switzerland"]
[Date "2026.07.20"]
[Round "6.4"]
[White "Hashem, Khaled"]
[Black "Pinelli, Gian"]
[Result "0-1"]
[TimeControl "90+30+30sec/move"]
[WhiteTitle "-"]
[BlackTitle "-"]
[WhiteFideId "10300201"]
[BlackFideId "1348710"]
[WhiteElo "1869"]
[BlackElo "1824"]

1. d4 Nf6 2. Nf3 d5 3. g3 c5 4. Bg2 Nc6 5. O-O Bf5 6. dxc5 e6 7. Nd4 Nxd4 8. Qxd4 Bxc2 9. Na3 Bg6 10.
Bf4 Qa5 11. Rfc1 Rc8 12. Be3 Nd7 13. c6 bxc6 14. Qxa7 Qxa7 15. Bxa7 Bxa3 16. bxa3 c5 0-1

[Event "Amateur Tournament (ATO)"]
[Site "Biel, Switzerland"]
[Date "2026.07.20"]
[Round "6.5"]
[White "Zhou, Abigail"]
[Black "Alrefae, Ahmad"]
[Result "1-0"]
[TimeControl "90+30+30sec/move"]
[WhiteTitle "-"]
[BlackTitle "-"]
[WhiteFideId "39922081"]
[BlackFideId "10306510"]
[WhiteElo "1831"]
[BlackElo "1853"]

1. e4 c5 2. Nf3 d6 3. d4 cxd4 4. Nxd4 Nf6 5. Nc3 g6 6. Be3 Bg7 7. Be2 Nc6 8. O-O O-O 9. Qd2 a6 10.
a4 Bd7 11. f3 Rc8 12. Nxc6 Bxc6 13. a5 Nd7 14. Rfd1 Qc7 15. Bf1 Rfd8 16. Ra3 e6 17. Qf2 h6 18. b4 Kh7 19. Bd4 Bxd4 20.
Rxd4 Nf8 21. Rd2 Qe7 22. Rb3 e5 23. b5 axb5 24. Bxb5 Ne6 25. Bc4 Nd4 26. Rb6 Ra8 27. Nd5 Bxd5 28.
Bxd5 Rxa5 29. h3 Ra1+ 30. Kh2 Qg5 31. f4 Qf6 32. Rxb7 Rf8 33. fxe5 Qxe5+ 34. g3 Ne6 35. Rxf7+ Ng7 36.
Rxf8 h5 37. Bg8+ Kh8 38. Qf4 Nf5 39. Qxe5+ 1-0

[Event "Amateur Tournament (ATO)"]
[Site "Biel, Switzerland"]
[Date "2026.07.20"]
[Round "6.6"]
[White "Schneuwly, Achim"]
[Black "Betsche, Tim"]
[Result "0-1"]
[TimeControl "90+30+30sec/move"]
[WhiteTitle "-"]
[BlackTitle "-"]
[WhiteFideId "1303252"]
[BlackFideId "1347535"]
[WhiteElo "1933"]
[BlackElo "1840"]

1. Nf3 d5 2. g3 Nf6 3. Bg2 g6 4. O-O Bg7 5. d3 O-O 6. Nbd2 Nbd7 7. c4 c6 8. Rb1 a5 9. Qc2 Re8 10.
b3 e5 11. cxd5 cxd5 12. Bb2 Ra6 13. Rbc1 Rc6 14. Qb1 Qc7 15. Rxc6 bxc6 16. Rc1 Bb7 17. Bh3 e4 18. Nd4 e3 19.
fxe3 Bh6 20. Nf1 Ne5 21. Nc2 Neg4 22. Bxf6 Nxf6 23. Qb2 Qd6 24. Qc3 Re5 25. Qxa5 Rh5 26. Bg2 Ng4 27. Qb6 Qf6 28.
Qd4 Qf2+ 29. Kh1 Nxh2 30. Nxh2 Qxg3 31. Kg1 Rxh2 32. Ne1 Bxe3+ 0-1

[Event "Amateur Tournament (ATO)"]
[Site "Biel, Switzerland"]
[Date "2026.07.22"]
[Round "8.1"]
[White "Alexakis, Dimitrios"]
[Black "Jud, Marc"]
[Result "1/2-1/2"]
[TimeControl "90+30+30sec/move"]
[WhiteTitle "-"]
[BlackTitle "-"]
[WhiteFideId "4200527"]
[BlackFideId "1309099"]
[WhiteElo "1959"]
[BlackElo "1991"]

1. e4 c5 2. Nf3 d6 3. d4 cxd4 4. Nxd4 Nf6 5. Nc3 a6 6. Be2 e5 7. Nb3 Be6 8. Be3 Nbd7 9. O-O Be7 10.
Qd2 Qc7 11. Nd5 Nxd5 12. exd5 Bf5 13. c4 b6 14. f4 exf4 15. Bxf4 Bg6 1/2-1/2

[Event "Amateur Tournament (ATO)"]
[Site "Biel, Switzerland"]
[Date "2026.07.22"]
[Round "8.2"]
[White "Zhou, Abigail"]
[Black "Jahn, Thomas"]
[Result "1/2-1/2"]
[TimeControl "90+30+30sec/move"]
[WhiteTitle "-"]
[BlackTitle "-"]
[WhiteFideId "39922081"]
[BlackFideId "34679430"]
[WhiteElo "1831"]
[BlackElo "1944"]

1. e4 c5 2. Nf3 a6 3. d4 cxd4 4.
Nxd4 Nf6 5. Nc3 e5 6. Nb3 Bb4 7. Bd3 Bxc3+ 8. bxc3 d6 9. O-O O-O 10. Qe2 Qc7 11. Bd2 Bg4 12. f3 Be6 13.
a4 a5 14. Rfb1 Nbd7 15. Be1 Nh5 16. Bb5 Nf4 17. Qf1 Nb6 18. Nc1 Nc4 19. Qf2 Rfd8 20. Nd3 Rac8 21. Nxf4 exf4 22. Bxc4 Bxc4 23.
Qb6 Ba6 24. Qxc7 Rxc7 25. Rd1 Rc4 26. Rd5 b6 27. e5 Kf8 28. exd6 Bb7 29. Rd3 Bc6 30. Bf2 Rxa4 31. Rxa4 Bxa4 32. Bxb6 Rd7 33. Bxa5 Bxc2 34.
Rd2 Bb3 35. Bc7 g5 36. Kf2 f5 37. Rd4 Kf7 38. Ke1 Ke6 39. Rb4 Bd5 40. c4 Ba8 41. Rb3 g4 42. Rd3 Bc6 43. Kf2 1/2-1/2

[Event "Amateur Tournament (ATO)"]
[Site "Biel, Switzerland"]
[Date "2026.07.22"]
[Round "8.3"]
[White "Trubini, Timon"]
[Black "Bangerter, Ena"]
[Result "0-1"]
[TimeControl "90+30+30sec/move"]
[WhiteTitle "-"]
[BlackTitle "-"]
[WhiteFideId "1347799"]
[BlackFideId "1344102"]
[WhiteElo "1920"]
[BlackElo "1883"]

1. e4 e5 2. Nf3 Nf6 3. d4 Nxe4 4. dxe5 d5 5. Nbd2 Nc5 6. Be2 Be7 7. O-O Nc6 8. Re1 O-O 9. h3 Bf5 10.
Nb3 a6 11. Nfd4 Nxd4 12. Nxd4 Bg6 13. Bg4 c6 14. Be3 Ne4 15. f3 Ng3 16. Bf2 Nh5 17. g3 Bc5 18. f4 Bxd4 19.
Qxd4 f5 20. Bf3 Be8 21. Qd1 g6 22. Bc5 Rf7 23. Kh2 Ng7 24. e6 Rf6 25. e7 Qd7 26.
c4 Ne6 27. cxd5 Nxc5 28. dxc6 bxc6 29. Rc1 Qxd1 30. Rexd1 Nb7 31. Re1 Rd6 32. Bd1 Kf7 33.
Bb3+ Kf6 34. g4 Bd7 35. Re5 Re8 36.
g5+ Kg7 37. Rce1 Rd2+ 38. Kg1 Nd6 39. Ra5 Ne4 40. Re5 Rxb2 41. Rd1 Rd2 42. Rc1 Rd6 43. Rc4 0-1

[Event "Amateur Tournament (ATO)"]
[Site "Biel, Switzerland"]
[Date "2026.07.22"]
[Round "8.4"]
[White "Novalic, Miralem"]
[Black "Materia, Matteo"]
[Result "1-0"]
[TimeControl "90+30+30sec/move"]
[WhiteTitle "-"]
[BlackTitle "-"]
[WhiteFideId "1317539"]
[BlackFideId "45150575"]
[WhiteElo "1966"]
[BlackElo "1825"]

1. d4 d5 2. Nf3 Nf6 3. c4 c6 4.
Qc2 g6 5. e3 Bf5 6. Qb3 Qb6 7. Qa4 Qa6 8. Qxa6 Nxa6 9. a3 Rc8 10. Nc3 Nb8 11. Nh4 Bc2 12. b4 Bg7 13. Kd2 Bb3 14.
c5 Ne4+ 15. Nxe4 dxe4 16. Rb1 Ba2 17. Ra1 Be6 18. g3 g5 19. Ng2 Rd8 20. Kc2 Bf5 21. Bb2 Be6 22. h4 h6 23. Be2 O-O 24.
hxg5 hxg5 25. Rh5 f6 26. Rd1 Kf7 27. f4 exf3 28. Bxf3 Rh8 29. Rdh1 Rxh5 30. Bxh5+ Kf8 31. Bg6 Na6 32.
e4 Bf7 33. Bh7 e6 34. e5 fxe5 35. dxe5 Nc7 36. Ne3 Nd5 37. Nc4 Bg8 38. Bg6 b6 39. Rf1+ Ke7 40. Bc1 Kd7 41. Bxg5 Rf8 42.
Rxf8 Bxf8 43. cxb6 axb6 44. Kd3 b5 45. Ne3 c5 46. bxc5 Bxc5 47. Ng4 Bxa3 48. Nf6+ Nxf6 49. exf6 Bd6 50.
g4 Kc6 51. f7 Bxf7 52. Bxf7 Kd5 53. Bf6 Be5 54. Be7 Bg7 55. Ke3 Ke5 56. Be8 b4 57. Bxb4 Bh6+ 58. Kf3 Kf6 59. Bc3+ e5 60.
Bd7 Bf4 61. Ba5 Kg5 62. Bd8+ Kh6 63. Ke4 Bg3 64. Kf5 Bh2 65. Bg5+ Kg7 66. Bf6+ 1-0

[Event "Amateur Tournament (ATO)"]
[Site "Biel, Switzerland"]
[Date "2026.07.22"]
[Round "8.5"]
[White "Aegerter, Fabrice"]
[Black "Pinelli, Gian"]
[Result "1/2-1/2"]
[TimeControl "90+30+30sec/move"]
[WhiteTitle "-"]
[BlackTitle "-"]
[WhiteFideId "1344854"]
[BlackFideId "1348710"]
[WhiteElo "1915"]
[BlackElo "1824"]

1. d4 Nf6 2. Nf3 d5 3. c4 e6 4. g3 Be7 5. Bg2 O-O 6. O-O b6 7. Nc3 Bb7 8. Ne5 Nbd7 9. Bf4 c6 10.
e4 Nxe5 11. dxe5 Nxe4 12. Nxe4 dxe4 13. Bxe4 Qxd1 14. Rfxd1 Rfd8 15. a3 Rac8 16. Be3 1/2-1/2

[Event "Amateur Tournament (ATO)"]
[Site "Biel, Switzerland"]
[Date "2026.07.22"]
[Round "8.6"]
[White "Schorno, Wim"]
[Black "Chu, Wa Ching David"]
[Result "0-1"]
[TimeControl "90+30+30sec/move"]
[WhiteTitle "-"]
[BlackTitle "-"]
[WhiteFideId "1359606"]
[BlackFideId "6013180"]
[WhiteElo "1860"]
[BlackElo "1694"]

1. e4 c5 2. Nf3 d6 3. d4 cxd4 4. Nxd4 Nf6 5. Nc3 g6 6. f4 Nc6 7. Nf3 Bg7 8. Bd3 O-O 9. O-O Qb6+ 10.
Kh1 Bg4 11. Qe1 Bxf3 12. Rxf3 Rad8 13. a3 Qc7 14. Qh4 h5 15. Bd2 Nd4 16. Rff1 e6 17. f5 Rc8 18. fxg6 fxg6 19. e5 dxe5 20.
Bxg6 Nf5 21. Bxf5 exf5 22. Rxf5 Qd7 23. Rf2 Ng4 24. Re2 Qd4 25. Qxh5 Nf2+ 26. Rxf2 Qxf2 27. Qd1 Rc4 28. Qe1 e4 29.
h3 e3 30. Qxe3 Qxe3 31. Bxe3 Bxc3 32. bxc3 Rxc3 33. Bxa7 Rxc2 34. Rb1 Rf7 35. Rb3 Rg7 36. g4 Rd7 37. Rg3 Rd1+ 38. Rg1 Rd3 39.
Rg2 Rxh3+ 40. Kg1 Rxg2+ 41. Kxg2 Rxa3 42. Bc5 Rc3 43. Bd6 b5 44. Kf2 Rc4 45. g5 b4 46. Ke3 b3 47. Kd3 Rc6 48.
Ba3 Kf7 49. Bb2 Kg6 50. Bc3 Kxg5 51. Kd2 Kf5 52. Kd3 Kg4 53. Kd2 Kf4 54. Kd3 Kf3 55. Kd2 Ke4 56. Bg7 Rc2+ 57. Kd1 Kd3 0-1

[Event "Amateur Tournament (ATO)"]
[Site "Biel, Switzerland"]
[Date "2026.07.23"]
[Round "9.1"]
[White "Bangerter, Ena"]
[Black "Alexakis, Dimitrios"]
[Result "1/2-1/2"]
[TimeControl "90+30+30sec/move"]
[WhiteTitle "-"]
[BlackTitle "-"]
[WhiteFideId "1344102"]
[BlackFideId "4200527"]
[WhiteElo "1883"]
[BlackElo "1959"]

1. d4 Nf6 2. Nf3 d5 3. Bf4 c5 4. e3 Nc6 5. c3 Qb6 6. Qb3 c4 7. Qc2 Bf5 8. Qc1 Nh5 9. Bg3 Nxg3 10.
hxg3 h6 11. Nbd2 Qc7 12. Nh4 Bh7 1/2-1/2

[Event "Amateur Tournament (ATO)"]
[Site "Biel, Switzerland"]
[Date "2026.07.23"]
[Round "9.2"]
[White "Jahn, Thomas"]
[Black "Novalic, Miralem"]
[Result "0-1"]
[TimeControl "90+30+30sec/move"]
[WhiteTitle "-"]
[BlackTitle "-"]
[WhiteFideId "34679430"]
[BlackFideId "1317539"]
[WhiteElo "1944"]
[BlackElo "1966"]

1. e4 c5 2. Nf3 d6 3. d4 cxd4 4. Nxd4 Nf6 5. Nc3 g6 6. Be3 Bg7 7. f3 h5 8. h4 Nc6 9. Bc4 a6 10.
Bb3 Na5 11. Qd2 Qc7 12. O-O-O b5 13. Nd5 Nxb3+ 14. Nxb3 Nxd5 15. exd5 Bd7 16. Rhe1 O-O 17. Bg5 f6 18. Bh6 Rf7 19.
Re2 Qc4 20. Bxg7 Kxg7 21. Re4 Qc7 22. Nd4 Qc5 23. g4 hxg4 24. fxg4 Rh8 25. Nb3 Qc8 26. g5 Bf5 27. Rb4 fxg5 28.
hxg5 Rh5 29. Re1 Rxg5 30. Nd4 Rh5 31. Nc6 e5 32. dxe6 Bxe6 33. Qd4+ Kh7 34. Qxd6 Bf5 35. Rd4 Qc7 36.
c3 Rh2 37. Qc5 Rc2+ 38. Kd1 Qh2 39. Rd8 Rc1+ 0-1

[Event "Amateur Tournament (ATO)"]
[Site "Biel, Switzerland"]
[Date "2026.07.23"]
[Round "9.3"]
[White "Chu, Wa Ching David"]
[Black "Zhou, Abigail"]
[Result "0-1"]
[TimeControl "90+30+30sec/move"]
[WhiteTitle "-"]
[BlackTitle "-"]
[WhiteFideId "6013180"]
[BlackFideId "39922081"]
[WhiteElo "1694"]
[BlackElo "1831"]

1. d4 d5 2. c4 e6 3. Nc3 Be7 4. Nf3 Nf6 5. Bg5 Nbd7 6. e3 O-O 7. Rc1 c6 8. Bd3 h6 9. Bh4 a6 10.
O-O dxc4 11. Bxc4 b5 12. Bd3 c5 13. Ne5 Nxe5 14. dxe5 Nd7 15. Bxe7 Qxe7 16. f4 Bb7 17. Be4 Bxe4 18.
Nxe4 Rac8 19. Qd2 Rc6 20. Rfd1 Nb6 21. Qe1 Nd5 22. Nc3 Nb6 23. Ne4 c4 24. Rd6 Rxd6 25. exd6 Qa7 26. Nc3 Rd8 27.
Qd2 Nd5 28. Kh1 Qxe3 29. Qxe3 Nxe3 30. Re1 Nf5 31. Ne4 Kf8 32. Rd1 Ne3 33. Rd2 Nd5 34. f5 exf5 35. Ng3 Ne3 36. Kg1 g6 37. h3 c3 38. bxc3 Nc4 39. Re2 Rxd6 40. Kf2 Rd3 41. Rc2 Ne3 42. Ke2 Nxc2 43. Kxd3 Ne1+ 44. Kd4 Nxg2 45. c4 bxc4 46. Kxc4 Ke7 47. Kc5 Nf4 48. h4 Kd7 49. Kb6 Nd3 50. a4 Kc8 51. Kxa6 Kb8 52. Kb6 Nb2 53. a5 Nc4+ 54.
Kb5 Ne3 55. Kc5 f4 56. Nh1 g5 57. hxg5 hxg5 58. Kd4 g4 59. Ke4 g3 0-1

[Event "Amateur Tournament (ATO)"]
[Site "Biel, Switzerland"]
[Date "2026.07.23"]
[Round "9.4"]
[White "Jud, Marc"]
[Black "Trubini, Timon"]
[Result "1/2-1/2"]
[TimeControl "90+30+30sec/move"]
[WhiteTitle "-"]
[BlackTitle "-"]
[WhiteFideId "1309099"]
[BlackFideId "1347799"]
[WhiteElo "1991"]
[BlackElo "1920"]

1. d4 Nf6 2. Nf3 g6 3. c4 Bg7 4.
e3 O-O 5. Bd3 d6 6. O-O Nbd7 7. Nc3 e5 8. Bc2 Re8 9. dxe5 Nxe5 10. Nxe5 Rxe5 11. e4 Re8 12. h3 Be6 1/2-1/2

[Event "Amateur Tournament (ATO)"]
[Site "Biel, Switzerland"]
[Date "2026.07.23"]
[Round "9.5"]
[White "Pinelli, Gian"]
[Black "Schneuwly, Achim"]
[Result "0-1"]
[TimeControl "90+30+30sec/move"]
[WhiteTitle "-"]
[BlackTitle "-"]
[WhiteFideId "1348710"]
[BlackFideId "1303252"]
[WhiteElo "1824"]
[BlackElo "1933"]

1. d4 c5 2. d5 e6 3. c4 exd5 4. cxd5 d6 5. Nc3 Ne7 6. e4 Ng6 7. h4 Be7 8. Bb5+ Bd7 9. h5 Ne5 10.
Be2 f5 11. f4 Nf7 12. Nf3 fxe4 13. Nxe4 O-O 14. Qb3 Na6 15. Bd2 b5 16. Neg5 c4 17. Qc2 Nxg5 18. fxg5 Bf5 19. Qc3 Nc5 20.
h6 Rf7 21. hxg7 Ne4 22. Qd4 Nxd2 23. Nxd2 Bxg5 24. g4 Bg6 25. a4 Bf6 26. Qe3 Bxb2 27. Ra2 c3 28. Nb3 Qe7 29. Qe6 Re8 0-1

[Event "Amateur Tournament (ATO)"]
[Site "Biel, Switzerland"]
[Date "2026.07.23"]
[Round "9.6"]
[White "Kalbermatter, Philipp"]
[Black "Materia, Mario"]
[Result "0-1"]
[TimeControl "90+30+30sec/move"]
[WhiteTitle "-"]
[BlackTitle "-"]
[WhiteFideId "1327976"]
[BlackFideId "651082241"]
[WhiteElo "1919"]
[BlackElo "1857"]

1. e4 e5 2. Nf3 Nc6 3. d4 exd4 4. c3 dxc3 5. Nxc3 Bb4 6. Bc4 d6 7. Qb3 Qd7 8. O-O Bc5 9. Bf4 Na5 10.
Qb5 Nxc4 11. Qxc4 Ne7 12. e5 O-O 13. Na4 Bb6 14. exd6 cxd6 15. Nxb6 axb6 16. Qb4 Nf5 17. Qxb6 Ra6 18.
Qb3 b5 19. Rfd1 Bb7 20. Qd3 f6 21. Nd4 Nxd4 22. Qxd4 Qg4 23. f3 Bxf3 24. Rd2 Ra4 25. b4 d5 26. Bd6 Rd8 27. Qxg4 Bxg4 28.
Rxd5 Ra6 29. Rd4 Raxd6 30. Rxg4 Rd1+ 31. Rxd1 Rxd1+ 32. Kf2 Rd2+ 33. Kf3 Rxa2 34. Rd4 Rb2 35. h4 Kf7 36. g4 Ke6 37.
h5 Rb3+ 38. Kf2 g6 39. hxg6 hxg6 40. Re4+ Kd5 41. Re8 Rxb4 42. g5 fxg5 43. Rg8 Rf4+ 44. Ke3 Rf6 0-1